 Dungeon Crawl Stone Soup version 0.31-a0-175-g9f7f995f2b (webtiles) character file.

Game seed: 6815366200505595769

93 qw the Chopper (level 4, -3/28 HPs)
             Began as a Gargoyle Fighter on June 16, 2023.
             Slain by a gnoll
             ... wielding a +0 halberd
              (9 damage)
             ... on level 2 of the Dungeon.
             The game lasted 00:00:46 (1122 turns).

qw the Chopper (Gargoyle Fighter)                   Turns: 1122, Time: 00:00:46

Health: -3/28      AC: 11    Str: 22    XL:     4   Next: 62%
Magic:  4/4        EV:  9    Int:  8    God:
Gold:   144        SH:  4    Dex:  9    Spells: 3/3 levels left

rFire   . . .        Y - +0 war axe
rCold   . . .        c - +0 buckler
rNeg    + . .        b - +0 scale mail
rPois   inf          (no helmet)
rElec   +            (no cloak)
rCorr   .            (no gloves)
SInv    .            e - +0 pair of boots
Will    .....        (no amulet) Stlth
                     (no ring)
HPRegen 0.24/turn    (no ring)
MPRegen 0.09/turn

%: no passive effects
@: no status effects
A: sickness immunity, AC +3, negative energy resistance 1, electricity
resistance, torment resistance 1, petrification resistance
a: no special abilities


You were on level 2 of the Dungeon.
You visited 1 branch of the dungeon, and saw 2 of its levels.

You collected 144 gold pieces.


Innate Abilities, Weirdness & Mutations

You are immune to sickness and miasma.
Your stone body is resilient. (AC +3)
You are immune to poison.
You resist negative energy. (rN+)
You are resistant to electric shocks. (rElec)
You are resistant to unholy torment.
You are immune to petrification.


   Skills:
 - Level 3.2 Fighting
 + Level 4.2 Axes
 - Level 3.2 Armour
 - Level 3.2 Shields


You had 3 spell levels left.
You didn't know any spells.
Your spell library was empty.

Inventory:

Hand Weapons
 g - a +0 mace
 Y - a +0 war axe (weapon)
Armour
 b - a +0 scale mail (worn)
 c - a +0 buckler (worn)
 e - a +0 pair of boots (worn)
Scrolls
 a - a scroll of noise {unknown}
 f - a scroll of identify
Potions
 d - 2 potions of might
 j - a potion of haste {unknown}

Dungeon Overview and Level Annotations

Branches:
Dungeon (2/15)

Altars:


Message History

The gnoll is moderately wounded.
A frilled lizard comes into view.
The gnoll hits you but does no damage.
An endoplasm comes into view.
An adder comes into view.
The gnoll hits you but does no damage.
The adder hisses angrily.
The endoplasm quivers.
The frilled lizard hisses angrily.
You slash the gnoll!
You kill the gnoll!
The gnoll throws a stone.
The stone closely misses you.
A frilled lizard comes into view.
The frilled lizard hisses angrily.
You hit the gnoll.
The gnoll is heavily wounded.
You hear an angry hiss.
The gnoll throws a stone.
The stone hits you but does no damage. The gnoll misses you.
You hit the gnoll.
The gnoll is severely wounded.
An endoplasm comes into view.
The gnoll barely misses you. x3
The gnoll hits you from afar with a +0 halberd!
The gnoll barely misses you.
The endoplasm moves out of view.
You hit the gnoll.
You kill the gnoll!
You slash the gnoll! The gnoll closely misses you.
The gnoll hits you with a +0 club. The adder completely misses you.
You hit the gnoll.
The gnoll is almost dead.
You slash the adder! The adder bites you but does no damage.
The gnoll hits you from afar with a +0 halberd!
You block the gnoll's attack. The adder barely misses you.
You slash the adder!
You kill the adder!
You barely miss the gnoll.
The gnoll hits you from afar with a +0 halberd!
You die...

.# . ## .#... ###
##...## ..?.#
##......#
....ll###..##.#.# #
#gg@........# ##
#.J##.......# #.
#...# #.......# #.
#.'..# #........ #.
..#.. #........ #. .
#. #........ #. .
##.......# #. ..
###.%......#.. #.
##..........#..####.


You could see 2 gnolls, an endoplasm and 2 frilled lizards.

Vanquished Creatures
  2 gnolls (D:2)
  3 adders (D:2)
  3 dart slugs
  3 bats
  3 endoplasms (D:1)
  2 giant cockroaches (D:2)
  3 goblins (D:2)
  5 hobgoblins
  5 jackals (D:1)
  4 kobolds
  4 quokkas (D:1)
  5 ball pythons
  2 frilled lizards (D:1)
  4 rats
48 creatures vanquished.

Notes
Turn   | Place    | Note
-------+----------+-------------------------------------------
     0 | D:1      | qw the Gargoyle Fighter began the quest for the Orb.
     0 | D:1      | Reached XP level 1. HP: 14/14 MP: 1/1
     0 | D:1      | 0 ||| qw: Version: 0.2-a-29-g511e9b1
     0 | D:1      | 0 ||| qw: Game counter: 70
     0 | D:1      | 0 ||| qw: Always use a shield: true
     0 | D:1      | 0 ||| qw: God list: Okawaru
     0 | D:1      | 0 ||| qw: Allow faded altars: false
     0 | D:1      | 0 ||| qw: Do Orc after D:15 true
     0 | D:1      | 0 ||| qw: Do second Lair branch before Depths: true
     0 | D:1      | 0 ||| qw: Lair rune preference: random
     0 | D:1      | 0 ||| qw: Plans: Normal, Zot:1-4, Slime:5, God:TSO, Crypt,
                  | Tomb, Abyss, Pan, Hells, Win
     0 | D:1      | 0 ||| PLANNING D:1-11
    68 | D:1      | Reached skill level 2 in Axes
    98 | D:1      | 98 ||| Stepping ~*~*~tactically~*~*~ (stealth).
   111 | D:1      | Reached XP level 2. HP: 13/19 MP: 2/2
   149 | D:1      | Found a faded altar of an unknown god.
   178 | D:1      | 178 ||| Stepping ~*~*~tactically~*~*~ (hiding).
   179 | D:1      | 179 ||| Stepping ~*~*~tactically~*~*~ (hiding).
   192 | D:1      | 192 ||| Stepping ~*~*~tactically~*~*~ (stealth).
   232 | D:1      | 232 ||| Stepping ~*~*~tactically~*~*~ (hiding).
   255 | D:1      | 255 ||| Stepping ~*~*~tactically~*~*~ (stealth).
   256 | D:1      | 256 ||| Stepping ~*~*~tactically~*~*~ (stealth).
   263 | D:1      | Reached skill level 3 in Axes
   272 | D:1      | Reached XP level 3. HP: 21/23 MP: 3/3
   740 | D:1      | 740 ||| UPGRADING to +0 pair of boots.
   745 | D:1      | 745 ||| READING scroll labelled ASCHECVICOX.
   746 | D:1      | 746 ||| READING scroll labelled WACIJU MAHUC.
   747 | D:1      | 747 ||| READING scroll labelled DERAUPP XOGHU.
   793 | D:2      | 793 ||| Stepping ~*~*~tactically~*~*~ (stealth).
   905 | D:2      | 905 ||| DROPPING +0 whip.
   968 | D:2      | 968 ||| Stepping ~*~*~tactically~*~*~ (hiding).
  1017 | D:2      | Reached XP level 4. HP: 28/28 MP: 4/4
  1080 | D:2      | Reached skill level 4 in Axes
  1110 | D:2      | 1110 ||| Stepping ~*~*~tactically~*~*~ (hiding).
  1121 | D:2      | HP: 6/28 [gnoll/+0 halberd (11)]
  1122 | D:2      | Slain by a gnoll

Levels and vault maps discovered:
D:1:      doesnt_arrival_eight_statues, layout_loops_ring,
          ebering_ecumenical_altar_petrified, hex_tiny, nrook_loot_triangle
D:2:      layout_rooms, minmay_box_of_dots

Skill      XL: |  1  2  3  4 |
---------------+-------------+-----
Axes           | 2 3 4 |  4.2
Fighting       | |  3.2
Armour         | |  3.2
Shields        | |  3.2

Action                     |  1- 3 |  4- 6 || total
---------------------------+-------+-------++-------
  Melee: War axe           |   112 |    26 ||   138
    Use: Scroll            |     3 |       ||     3
 Armour: Scale mail        |    54 |    15 ||    69
  Dodge: Dodged            |    44 |    13 ||    57
  Block: Buckler           |    17 |     4 ||    21

Table legend:
 A = Non-vault XP
 B = Vault XP
 C = Vault XP percentage of total XP
 D = Non-vault monster count
 E = Vault monster count
 F = Vault count percentage of total count
                 A         B        C        D         E       F
            +---------+---------+-------+---------+---------+-------
      Total |     134 |      13 |   8.8 |      47 |       1 |   2.1
            +---------+---------+-------+---------+---------+-------
        D:1 |      49 |       0 |   0.0 |      25 |       0 |   0.0
        D:2 |      85 |      13 |  13.3 |      22 |       1 |   4.3
            +---------+---------+-------+---------+---------+-------
